 Dungeon Crawl Stone Soup version 0.21-a0-401-g0b6bec4 (webtiles) character file.

3 Gorice the Grave Robber (level 1, -1/15 HPs)
             Began as a Demonspawn Wanderer on Oct 24, 2017.
             Slain by a kobold (2 damage)
             ... on level 1 of the Dungeon.
             The game lasted 00:01:54 (43 turns).

Gorice the Grave Robber (Demonspawn Wanderer)         Turns: 43, Time: 00:01:56

Health: -1/15      AC:  2    Str:  8    XL:     1   Next: 41%
Magic:  2/2        EV: 11    Int: 18    God:
Gold:   0          SH:  0    Dex: 11    Spells: 1/2 levels left

rFire    . . .     SeeInvis .   e - +0 blowgun
rCold    . . .     Gourm    .   (no shield)
rNeg     . . .     Faith    .   f - +0 robe
rPois    .         Spirit   .   (no helmet)
rElec    .         Reflect  .   (no cloak)
rCorr    .         Harm     .   (no gloves)
MR       .....                  (no boots)
Stlth    +.........             (no amulet)
HPRegen  0.05/turn              (no ring)
MPRegen  0.08/turn              (no ring)

@: no status effects
A: no striking features
a: no special abilities


You were on level 1 of the Dungeon.
You were not hungry.

You visited 1 branch of the dungeon, and saw 1 of its levels.

Inventory:

Hand Weapons
 b - a +0 shortbow
 e - a +0 blowgun (weapon)
Missiles
 c - 11 arrows
 d - 11 poisoned needles (quivered)
Armour
 f - a +0 robe (worn)
Books
 a - a book of Minor Magic
Comestibles
 g - a bread ration {!e}
 h - a chunk of flesh


   Skills:
 - Level 1.0 Fighting
 - Level 1.0 Bows
 - Level 1.0 Throwing
 - Level 1.0 Armour
   Level 1.0 Shields
 + Level 1.1 Spellcasting
 * Level 0.6 Conjurations
   Level 1.7 Charms
   Level 2.1 Necromancy


You had one spell level left.
You knew the following spells:

 Your Spells              Type           Power        Failure   Level  Hunger
a - Magic Dart            Conj           #...         16%         1    ##.....


Dungeon Overview and Level Annotations

Branches:
Dungeon (1/15)

Altars:


Message History

Unknown command.
Firing (i - inventory):
c - 16 arrows (quivered)
Press: ? - help, Shift-Dir - straight line, f/p - kobold
Aim: a kobold (severely wounded)
You shoot an arrow.
The arrow hits the kobold but does no damage.
The kobold is severely wounded.
The bat hits you. The kobold hits you.
* * * LOW HITPOINT WARNING * * *
Damage: 2 (max 3) Unknown command.
Firing (i - inventory):
c - 15 arrows (quivered)
Press: ? - help, Shift-Dir - straight line, f/p - kobold
Aim: a kobold (severely wounded)
You shoot an arrow. The arrow closely misses the kobold.
The bat closely misses you. The kobold barely misses you.
Firing (i - inventory):
c - 14 arrows (quivered)
Press: ? - help, Shift-Dir - straight line, f/p - kobold
Aim: a kobold (moderately wounded)
You shoot an arrow. The arrow misses the kobold.
The bat hits you but does no damage. The kobold hits you.
* * * LOW HITPOINT WARNING * * *
The kobold closely misses you.
Damage: 1 (max 3) Firing (i - inventory):
c - 13 arrows (quivered)
Press: ? - help, Shift-Dir - straight line, f/p - kobold
Aim: a kobold (moderately wounded)
You shoot an arrow. The arrow barely misses the kobold.
The bat barely misses you. The kobold closely misses you.
Firing (i - inventory):
c - 12 arrows (quivered)
Press: ? - help, Shift-Dir - straight line, f/p - kobold
Aim: a kobold (moderately wounded)
You shoot an arrow. The arrow barely misses the kobold.
The bat hits you but does no damage. The kobold hits you.
* * * LOW HITPOINT WARNING * * *
Damage: 4 (max 4) Unknown command.
Wield which item (- for none, * to show all)? (? for menu, Esc to quit)
e - a +0 blowgun (weapon)
The bat hits you but does no damage. The kobold barely misses you.
Firing (i - inventory):
d - 12 poisoned needles (quivered)
Press: ? - help, Shift-Dir - straight line, f/p - kobold
Aim: a kobold (moderately wounded)
You shoot a poisoned needle. The poisoned needle hits the kobold.
The kobold is poisoned.
The kobold is moderately wounded.
The bat hits you.
* * * LOW HITPOINT WARNING * * *
The kobold hits you.
You die...

###.(.##%#
##..... ..### #
##...#(#.....#
..#.....(#.....#
#.......(......#
##......#.....#
##...(.#.....#
#######K########
.......@.......
.......<.......
#####...b.#####
##...## ##+##


You could see a bat and a kobold.

Vanquished Creatures
  A bat (D:1)
  A giant cockroach (D:1)
  A rat (D:1)
3 creatures vanquished.

Notes
Turn   | Place    | Note
-------+----------+-------------------------------------------
     0 | D:1      | Gorice the Demonspawn Wanderer began the quest for the Orb.
     0 | D:1      | Gorice set off with: a book of Minor Magic, a +0 shortbow, 26 arrows, 12 poisoned needles, a +0 blowgun, a +0 robe, a bread ration {!e}
     0 | D:1      | Reached XP level 1. HP: 15/15 MP: 2/2
     2 | D:1      | Learned a level 1 spell: Magic Dart
    41 | D:1      | HP: 2/15 [kobold (4)]
    43 | D:1      | Slain by a kobold

Vault maps used:
D:1:      giann_horns, minmay_tetromino_s2

Action                   || total
-------------------------++-------
 Fire: Shortbow          ||    18
       Blowgun           ||     1
Armor: Robe              ||    10
Dodge: Dodged            ||    16

Table legend:
 A = Spawn XP
 B = Non-spawn XP
 C = Spawn XP percentage of total XP
 D = Spawn monster count
 E = Non-spawn monster count
 F = Spawn count percentage of total count
 G = Total turns spent on level
                    A         B        C        D         E        F      G
               +---------+---------+-------+---------+---------+-------+---------
         Total |       0 |       5 |   0.0 |       0 |       3 |   0.0 |    43
               +---------+---------+-------+---------+---------+-------+---------
           D:1 |       0 |       5 |   0.0 |       0 |       3 |   0.0 |    43
               +---------+---------+-------+---------+---------+-------+---------

Table legend:
 A = Turns spent in this place as a percentage of turns spent in the entire game.
 B = Non-inter-level travel turns spent in this place as a percentage of non-inter-level travel turns spent in the entire game.
 C = Inter-level travel turns spent in this place as a percentage of turns spent in this place.
 D = Turns resting spent in this place as a percentage of non-inter-level travel turns spent in this place.
 E = Turns spent auto-exploring this place as a percentage of non-inter-level travel turns spent in this place.
 F = Non-inter-level travel turns spent in this place divided by the number of levels of this place that you've seen.
                   A       B       C       D       E      F
               +-------+-------+-------+-------+-------+----------------------
         Total | 100.0 | 100.0 |   0.0 |   0.0 |   7.0 |  43.0
       Dungeon | 100.0 | 100.0 |   0.0 |   0.0 |   7.0 |  43.0
               +-------+-------+-------+-------+-------+----------------------

Vault maps used:
D:1:      giann_horns, minmay_tetromino_s2
